 Dungeon Crawl Stone Soup version 0.29.1-1-gd02db6906a (webtiles) character file.

Game seed: 11096388954401326074

79 xian the Sneak (level 4, -7/27 HPs)
             Began as an Octopode Enchanter on Oct 16, 2022.
             Splashed by a jelly's acid (8 damage)
             ... on level 3 of the Dungeon.
             The game lasted 00:03:38 (1708 turns).

xian the Sneak (Octopode Enchanter)                 Turns: 1708, Time: 00:03:41

Health: -7/27      AC: -9    Str:  9    XL:     4   Next: 37%
Magic:  7/7        EV: 13    Int: 17    God:
Gold:   76         SH:  0    Dex: 12    Spells: 5/7 levels left

rFire   . . .      SeeInvis .   a - +1 dagger
rCold   . . .      Faith    .   (no shield)
rNeg    . . .      Spirit   .   o - +2 hat {Will+}
rPois   .          Reflect  .   (no amulet)
rElec   .          Harm     .   (no ring)
rCorr   .          Rampage  .   (no ring)
Will    +....                   (no ring)
Stlth   ++++......              (no ring)
HPRegen 0.09/turn               (no ring)
MPRegen 0.10/turn               (no ring)
                                (no ring)
                                (no ring)

@: corroded
A: almost no armour, amphibious, 8 rings, camouflage 1, gelatinous body 1,
(nimble swimmer 1), tentacles
a: no special abilities


You were on level 3 of the Dungeon.
You visited 1 branch of the dungeon, and saw 3 of its levels.

You collected 76 gold pieces.

Inventory:

Hand Weapons
 a - a +1 dagger (weapon)
Missiles
 i - 15 poisoned darts (quivered)
Armour
 o - a +2 hat of willpower (worn)
Magical Staves
 g - a staff of conjuration
Scrolls
 c - a scroll of blinking {unknown}
 d - 4 scrolls of identify {unknown}
 f - 2 scrolls of torment {unknown}
 h - a scroll of summoning {unknown}
 k - a scroll of poison {unknown}
 l - 2 scrolls of vulnerability {unknown}
 p - a scroll of amnesia {unknown}
 r - a scroll of fear {unknown}
Potions
 b - 2 potions of invisibility
 e - a potion of ambrosia {unknown}
 j - a potion of lignification {unknown}
 m - a potion of magic {unknown}
 n - 2 potions of curing {unknown}
 q - 2 potions of berserk rage {unknown}


   Skills:
 + Level 0.5 Fighting
 + Level 1.4 Short Blades
 + Level 2.0 Dodging
 + Level 5.4 Stealth
 + Level 2.1 Spellcasting
 + Level 3.8 Hexes
 + Level 0.3 Ice Magic


You had 5 spell levels left.
You knew the following spells:

 Your Spells              Type           Power      Damage    Failure   Level
a - Ensorcelled Hibernat  Hex/Ice        16%        N/A       12%         2

Your spell library contained the following spells:

 Spells                   Type           Power      Damage    Failure   Level
 Confusing Touch          Hex            14%        N/A       12%         3
 Tukima's Dance           Hex            14%        N/A       12%         3
 Apportation              Tloc           2%         N/A       19%         1
 Necrotise                Necr           4%         1d4       19%         1
 Summon Small Mammal      Summ           4%         N/A       19%         1
 Dazzling Flash           Conj/Hex       16%        N/A       26%         3
 Inner Flame              Hex/Fire       8%         N/A       26%         3
 Cause Fear               Hex            7%         N/A       36%         4
 Discord                  Hex            7%         N/A       100%        8


Dungeon Overview and Level Annotations

Branches:
Dungeon (3/15)

Altars:
Fedhas


Innate Abilities, Weirdness & Mutations

You cannot wear most types of armour.
You are amphibious.
You can wear up to eight rings at the same time.
Your skin changes colour to match your surroundings (Stealth+).
Your rubbery body absorbs attacks. (AC +1, EV +1)
((You are camouflaged when in or above water. (Stealth+)))
You have tentacles for arms and can constrict up to eight enemies at once.


Message History

You climb downwards.
Found an escape hatch in the floor.
There is a stone staircase leading up here.
A hobgoblin comes into view.
There is an escape hatch in the floor here.
You completely miss the hobgoblin. You grab the hobgoblin.
You squeeze the hobgoblin.
You kill the hobgoblin!
You open the door.
A kobold comes into view. It is wielding a +0 short sword.
There is an open door here.
The helpless kobold fails to defend itself.
You puncture the kobold!
You kill the kobold!
You see here a +0 short sword.
A hobgoblin comes into view.
A jelly comes into view.
The jelly quivers.
The helpless hobgoblin fails to defend itself.
You impale the hobgoblin!!
You kill the hobgoblin!
You hit the jelly.
Your tentacles burn!
The jelly is lightly wounded.
The jelly barely misses you.
You hit the jelly. The acid corrodes you!
Your tentacles burn!
The jelly is moderately wounded.
The jelly hits you. The acid corrodes you!
You are splashed with acid!
You hit the jelly but do no damage.
Your tentacles burn!
* * * LOW HITPOINT WARNING * * *
You squeeze the jelly.
The jelly is moderately wounded.
The jelly misses you.
You hit the jelly.
Your tentacles burn!
* * * LOW HITPOINT WARNING * * *
You squeeze the jelly.
The jelly is heavily wounded.
The jelly hits you.
* * * LOW HITPOINT WARNING * * *
The acid corrodes you!
You are splashed with acid!
You die...

.
####################....
................@J......
##....##############.###
##....# ......# ##....#
#...)# #....########
#....##.....#
#....##.###.#


You could see a jelly.

Vanquished Creatures
  3 adders (D:2)
  2 worms (D:2)
  2 dart slugs (D:1)
  3 endoplasms
  2 giant cockroaches (D:2)
  7 hobgoblins
  3 jackals (D:1)
  5 kobolds
  A quokka (D:1)
  3 ball pythons
  4 bats
  A frilled lizard (D:2)
  7 rats
43 creatures vanquished.

Vanquished Creatures (others)
  2 fungi (D:3)
  2 plants (D:3)
4 creatures vanquished.

Grand Total: 47 creatures vanquished

Notes
Turn   | Place    | Note
-------+----------+-------------------------------------------
     0 | D:1      | xian the Octopode Enchanter began the quest for the Orb.
     0 | D:1      | Reached XP level 1. HP: 11/11 MP: 3/3
   163 | D:1      | Reached XP level 2. HP: 17/17 MP: 5/5
   243 | D:1      | Learned a level 2 spell: Ensorcelled Hibernation
   872 | D:2      | Reached XP level 3. HP: 22/22 MP: 6/6
  1066 | D:2      | Reached skill level 5 in Stealth
  1128 | D:2      | Reached XP level 4. HP: 24/27 MP: 2/7
  1295 | D:2      | Found a blossoming altar of Fedhas.
  1708 | D:3      | HP: 1/27 [jelly (2)]
  1708 | D:3      | Splashed by a jelly's acid

Illustrated notes

Levels and vault maps discovered:
D:1:      matt_arrival_grand_opening, layout_loops_ring, hangedman_decor_growths
D:2:      layout_basic, basic_altar, hex_medium, minmay_misc_feat_rugged,
          minmay_split_cup_small
D:3:      layout_basic, dreamdust_ecumenical_altar_hidden_monk_grotto,
          gammafunk_ghost_nasty_kobolds, uniq_ijyb

Skill      XL: |  1  2  3 |
---------------+----------+-----
Stealth        | 5 |  5.4
Fighting       | |  0.5
Short Blades   | |  1.4
Dodging        | |  2.0
Spellcasting   | |  2.1
Hexes          | |  3.8
Ice Magic      | |  0.3

Action                   |  1- 3 |  4- 6 || total
-------------------------+-------+-------++-------
Melee: Dagger            |    44 |    30 ||    74
       Tentacles         |    10 |     9 ||    19
       Constrict         |     4 |     3 ||     7
 Cast: Ensorcelled Hiber |     5 |     5 ||    10
 Stab: Sleeping          |    18 |     7 ||    25
Armor: Skin              |     5 |     7 ||    12
Dodge: Dodged            |    17 |    11 ||    28
